 Dungeon Crawl Stone Soup version 0.28-a0-1567-g1695149f81 (webtiles) character file.

Game seed: 6274624693274507480

3119 buddhastalin the Slicer (level 10, 0/91 HPs)
             Began as a Kobold Brigand on Jan 19, 2022.
             Was a Priest of Okawaru.
             Succumbed to an orc warrior's poison
             ... on level 8 of the Dungeon.
             The game lasted 00:15:29 (10585 turns).

buddhastalin the Slicer (Kobold Brigand)           Turns: 10585, Time: 00:15:29

Health: 0/91       AC:  7    Str:  9    XL:     10   Next: 14%
Magic:  13/13      EV: 17    Int: 17    God:    Okawaru [***...]
Gold:   360        SH:  0    Dex: 16    Spells: 9/9 levels left

rFire   + . .      SeeInvis .   a - +0 short sword (venom)
rCold   + . .      Faith    .   (no shield)
rNeg    . . .      Spirit   .   s - +0 leather armour
rPois   .          Reflect  .   A - +2 hat
rElec   .          Harm     .   c - +0 cloak
rCorr   .          Rampage  .   (no gloves)
Will    .....                   B - +0 pair of boots
Stlth   ..........              (no amulet)
HPRegen 0.25/turn               p - ring of protection from cold
MPRegen 0.13/turn               z - ring of protection from fire

@: berserking, lethally poisoned (0 -> -35), very quick
A: small, no large weapons, nightstalker 3
a: Renounce Religion, Heroism


You were on level 8 of the Dungeon.
You worshipped Okawaru.
Okawaru was most pleased with you.
You visited 2 branches of the dungeon, and saw 9 of its levels.

You collected 360 gold pieces.

Inventory:

Hand Weapons
 a - a +0 short sword of venom (weapon)
Missiles
 d - 8 poisoned darts (quivered)
 e - 2 curare-tipped darts
 f - 3 throwing nets
Armour
 c - a +0 cloak (worn)
 s - a +0 leather armour (worn)
 A - a +2 hat (worn)
 B - a +0 pair of boots (worn)
Jewellery
 p - a ring of protection from cold (left hand)
 z - a ring of protection from fire (right hand)
Wands
 t - a wand of acid (6)
 x - a wand of iceblast (8)
Scrolls
 b - a scroll of torment {unknown}
 i - a scroll of identify
 j - a scroll of noise {unknown}
 k - 2 scrolls of holy word {unknown}
 l - 6 scrolls of teleportation
 o - a scroll of enchant armour {unknown}
 u - a scroll of enchant weapon {unknown}
 v - a scroll of fog {unknown}
 w - a scroll of fear {unknown}
 y - 2 scrolls of vulnerability
Potions
 h - 2 potions of flight
 m - a potion of invisibility
 n - 5 potions of mutation
 q - a potion of brilliance
 r - 2 potions of haste


   Skills:
 + Level 6.5 Fighting
 * Level 10.8 Short Blades
 - Level 2.1 Throwing
 + Level 6.7 Dodging
 + Level 9.6 Stealth
 + Level 5.1 Invocations


You had 9 spell levels left.
You didn't know any spells.
Your spell library contained the following spells:

 Spells                   Type           Power      Damage    Failure   Level
 Frozen Ramparts          Ice            0%         1d2       69%         3
 Ice Form                 Ice/Tmut       0%         N/A       97%         4
 Summon Ice Beast         Ice/Summ       Unusable   N/A       N/A         4

Dungeon Overview and Level Annotations

Branches:
Dungeon (8/15)             Temple (1/1) D:4
   Lair: D:8-11

Altars:
Ashenzari
Cheibriados
Dithmenos
Elyvilon
Fedhas
Kikubaaqudgha
Makhleb
Nemelex Xobeh
Okawaru
Ru
Uskayaw
Vehumet
Wu Jian
Zin
The Shining One

Shops:
D:3 [

Annotations:
D:7 1 transporter, fragbeetle's ghost, novice DrTm


Innate Abilities, Weirdness & Mutations

You are small and have problems with some larger weapons.
You are completely attuned to the shadows.


Message History

The helpless electric eel fails to defend itself.
You spit the electric eel like a pig!!!
You kill the electric eel!
Okawaru accepts your kill.
An electric eel comes into view.
The helpless electric eel fails to defend itself.
You skewer the electric eel like a kebab!!!
You kill the electric eel!
Okawaru accepts your kill.
You hear a splash.
Found a stone staircase leading down.
There is a stone staircase leading down here.
Found a stone staircase leading up.
An orc warrior comes into view. It is wielding a +2 glaive of venom.
The orc warrior shouts!
You hear a shout!
The orc warrior hits you with a +2 glaive of venom!
You closely miss the orc warrior. The orc warrior misses you.
You hit the orc warrior but do no damage.
The orc warrior is poisoned.
Your punch misses the orc warrior.
An orc priest comes into view. It is wielding a +0 hand axe.
The orc warrior barely misses you.
You hit the orc warrior but do no damage.
You hit the orc warrior.
The orc warrior looks as sick as possible!
The orc warrior is lightly wounded.
The orc priest calls upon Beogh to heal the orc warrior.
The orc warrior's wounds heal themselves!
The orc warrior hits you with a +2 glaive of venom!
You are poisoned.
You feel very sick.
The orc warrior hits you from afar with a +2 glaive of venom!!
* * * LOW HITPOINT WARNING * * *
You are more poisoned.
A red film seems to cover your vision as you go berserk!
You feel yourself moving faster!
You feel mighty!
* * * LOW HITPOINT WARNING * * *
You feel extremely sick. The orc warrior barely misses you.
You feel a strong urge to attack something.
You die...

###...........##..#...##........#
#............###.......#...###.##
.........#...#..#....#...####..#
#.#......#.....##........## #..#
.#.......#....#...........###..#
###.................<.....##..###
.. .. ......#..................#
.. ......##...###...###..#...
.........@...#...###..###.
..........#####..##..## ##
..........## ##...#...###.
.....##o#..###............
........o......###........
#....###..#..####.........
.#..#...#....####.........
#..#.⌠.#.............#...
#≈≈#...#.#..........###..


You could see an orc warrior (extremely poisoned) and an orc priest.

Vanquished Creatures
  Harold (D:7)
  Pikel (D:7)
  A wyvern (D:7)
  A steam dragon (D:8)
  A water moccasin (D:7)
  2 sky beasts
  A black bear (D:8)
  2 orc warriors (D:7)
  An ogre (D:5)
  A centaur (D:3)
  2 lemures (D:7)
  A bullfrog (D:6)
  A wyvern zombie (D:8)
  A scorpion (D:5)
  A water moccasin skeleton (D:7)
  A killer bee (D:7)
  2 electric eels (D:8)
  A howler monkey (D:6)
  A centaur zombie (D:6)
  4 hounds
  2 orc priests
  A bullfrog skeleton (D:5)
  2 centaur skeletons (D:5)
  An iguana (D:5)
  An orc wizard (D:7)
  A killer bee zombie (D:8)
  A hound zombie (D:5)
  2 howler monkey zombies
  4 gnolls (D:4)
  7 adders
  A shadow imp (D:7)
  2 white imps (D:6)
  3 ufetubi (D:5)
  2 worms (D:2)
  4 dart slugs
  13 orcs
  7 ball pythons
  8 bats
  9 endoplasms
  5 giant cockroaches
  9 goblins
  9 hobgoblins
  3 jackals (D:2)
  4 quokkas
  4 frilled lizards
  6 kobolds
  5 rats
143 creatures vanquished.

Notes
Turn   | Place    | Note
-------+----------+-------------------------------------------
     0 | D:1      | buddhastalin the Kobold Brigand began the quest for the
                  | Orb.
     0 | D:1      | Reached XP level 1. HP: 12/12 MP: 1/1
   141 | D:1      | Reached skill level 3 in Short Blades
   144 | D:1      | Reached XP level 2. HP: 10/18 MP: 2/2
   624 | D:1      | Found a faded altar of an unknown god.
   636 | D:1      | Reached XP level 3. HP: 22/22 MP: 3/3
  1883 | D:2      | Reached XP level 4. HP: 27/27 MP: 4/4
  2056 | D:2      | Reached skill level 4 in Short Blades
  2975 | D:3      | Found Kimn's Armour Shoppe.
  3437 | D:3      | Noticed a centaur
  3449 | D:3      | Killed a centaur
  3450 | D:3      | Reached skill level 5 in Short Blades
  3450 | D:3      | Reached XP level 5. HP: 20/32 MP: 5/5
  3880 | D:4      | Reached XP level 6. HP: 37/37 MP: 6/6
  4849 | D:4      | Found a staircase to the Ecumenical Temple.
  4946 | Temple   | Entered the Ecumenical Temple
  5336 | Temple   | Became a worshipper of Warmaster Okawaru
  5642 | D:5      | Entered Level 5 of the Dungeon
  5987 | D:5      | Reached skill level 6 in Short Blades
  5987 | D:5      | Reached skill level 1 in Invocations
  5987 | D:5      | Reached XP level 7. HP: 38/39 MP: 7/7
  6210 | D:5      | Reached * piety under Okawaru
  6376 | D:5      | Reached skill level 7 in Short Blades
  6381 | D:5      | Reached XP level 8. HP: 37/48 MP: 9/9
  6821 | D:6      | Identified the +1 scale mail of Lofuqask {rN+ Regen+ Str-3}
  7395 | D:6      | Reached ** piety under Okawaru
  8170 | D:7      | Noticed Harold
  8188 | D:7      | Killed Harold
  8189 | D:7      | Reached skill level 5 in Fighting
  8189 | D:7      | Reached skill level 9 in Short Blades
  8189 | D:7      | Reached skill level 5 in Dodging
  8189 | D:7      | Reached XP level 9. HP: 14/54 MP: 9/11
  8504 | D:7      | Noticed Pikel
  8523 | D:7      | Killed Pikel
  8966 | D:7      | Reached *** piety under Okawaru
  8967 | D:7      | Reached skill level 10 in Short Blades
  9242 | D:7      | Found a transporter.
  9244 | D:7      | Found a transporter.
  9245 | D:7      | Noticed fragbeetle's ghost (novice DrTm)
  9600 | D:7      | Noticed a queen bee
  9957 | D:8      | Reached XP level 10. HP: 60/60 MP: 13/13
 10146 | D:8      | Reached skill level 5 in Invocations
 10585 | D:8      | Succumbed to an orc warrior's poison

Illustrated notes

Levels and vault maps discovered:
D:1:      sevenhm_arrival_forest_fort_small_3, layout_basic, serial_glass,
          glass_columns_c, glass_columns_b, glass_columns_c, glass_columns_a,
          glass_columns_a, glass_columns_a, due_unseen_surprise,
          minmay_strange_pillars, minmay_strange_pillars, feat_on_display,
          shapermc_ecumenical_altar_notcrosses
D:2:      layout_basic, minmay_nonomino_d4
D:3:      layout_loops_ring, serial_shops, shop
D:4:      layout_gridville, minmay_temple_entry_poolview
D:5:      layout_basic, guppyfry_early_lair_pool
D:6:      layout_layer_cave
D:7:      layout_basic, gammafunk_ghost_hive, serial_glass, glass_columns_b,
          glass_columns_c, glass_columns_c, glass_columns_b, glass_columns_a,
          glass_columns_c, glass_columns_b, glass_columns_a, uniq_pikel,
          uniq_harold
D:8:      layout_layer_cave, fungi_pond_lemuel, fountainhead
Temple:   mainiacjoe_temple_trianglar_array

Skill      XL: |  1  2  3  4  5  6  7  8  9 10 |
---------------+-------------------------------+-----
Short Blades   | 3 5 6 7 9 10 | 10.8
Dodging        | 2 3 4 5 6 |  6.7
Fighting       | 3 4 5 6 |  6.5
Stealth        | 6 7 8 9 |  9.6
Invocations    | 1 2 3 4 5 |  5.1
Throwing       | |  2.1

Action                   |  1- 3 |  4- 6 |  7- 9 | 10-12 || total
-------------------------+-------+-------+-------+-------++-------
Melee: Dagger            |    84 |     6 |       |       ||    90
       Short sword       |       |   141 |   199 |    48 ||   388
       Punch             |       |       |     3 |     1 ||     4
Invok: Heroism           |       |       |     2 |       ||     2
Evoke: Wand              |       |       |     8 |       ||     8
  Use: Scroll            |       |       |    11 |       ||    11
       Potion            |       |       |     5 |     1 ||     6
 Stab: Sleeping          |    20 |    18 |    21 |     3 ||    62
       Distracted        |       |     1 |       |       ||     1
Armor: Robe              |    18 |    12 |       |       ||    30
       Leather armour    |       |     9 |    29 |     2 ||    40
Dodge: Dodged            |    53 |   102 |   118 |    31 ||   304

Table legend: (Time is in decaauts)
 A = Elapsed time spent in this place.
 B = Non-inter-level travel time spent in this place.
 C = Inter-level travel time spent in this place.
 D = Time resting spent in this place.
 E = Time spent auto-exploring this place.
 F = Levels seen in this place.
 G = Mean time per level.
                   A        B        C        D        E       F      G
               +--------+--------+--------+--------+--------+-----+--------+
         Total |  10453 |  10271 |    182 |   2792 |   6331 |   9 | 1161.4 |
       Dungeon |  10049 |   9879 |    170 |   2792 |   5945 |   8 | 1256.1 |
        Temple |    403 |    391 |     12 |      0 |    386 |   1 |  403.0 |
               +--------+--------+--------+--------+--------+-----+--------+

Top non-repeatable levels by time:
     D:6: 1636 daAuts
     D:2: 1595 daAuts
     D:7: 1462 daAuts
     D:4: 1378 daAuts
     D:1: 1300 daAuts
     D:5: 1073 daAuts
     D:3: 932 daAuts
     D:8: 669 daAuts
  Temple: 403 daAuts
